 Dungeon Crawl Stone Soup version 0.31-a0-765-g67fe2935dc (webtiles) character file.

Game seed: 8390233891929683172

233 Shayle the Changeling (level 6, -3/93 HPs)
             Began as an Ogre Shapeshifter on Sept 16, 2023.
             Slain by an ogre
             ... wielding a +0 giant club
              (17 damage)
             ... on level 4 of the Dungeon.
             The game lasted 00:09:19 (3281 turns).

Shayle the Changeling (Ogre Shapeshifter)           Turns: 3281, Time: 00:09:20

Health: -3/93      AC: 23    Str: 19    XL:     6   Next: 5%
Magic:  9/9        EV:  1    Int: 13    God:
Gold:   188        SH:  5    Dex:  8    Spells: 9/9 levels left

rFire   . . .        y - +2 dagger (elec)
rCold   + . .        (no shield)
rNeg    . . .        a - melded +0 animal skin
rPois   +            (helmet currently unavailable)
rElec   .            (cloak currently unavailable)
rCorr   .            (gloves unavailable)
SInv    .            (boots unavailable)
Will    .....        v - amulet of reflection
Stlth   +            g - ring of protection from cold
HPRegen 0.35/turn    (no ring)
MPRegen 0.11/turn

%: reflection
@: tree-form
A: stationary, stasis, torment immunity, boosted hp, large, unfitting armour,
(tough skin 1)
a: no special abilities


You were on level 4 of the Dungeon.
You were a tree.
You visited 1 branch of the dungeon, and saw 4 of its levels.

You collected 188 gold pieces.

Inventory:

Hand Weapons
 y - a +2 dagger of electrocution (weapon)
Missiles
 m - 4 silver javelins (quivered)
Armour
 a - a +0 animal skin (melded)
Jewellery
 g - a ring of protection from cold (left branch)
 p - an amulet of guardian spirit
 v - an amulet of reflection (around neck)
 B - an amulet of magic regeneration
Talismans
 c - a beast talisman
 d - a flux talisman
 f - a storm talisman
Scrolls
 e - a scroll of silence {unknown}
 h - a scroll of vulnerability
 i - a scroll of enchant armour
 j - a scroll of revelation {unknown}
 l - a scroll of teleportation {unknown}
 o - a scroll of immolation {unknown}
 q - a scroll of blinking {unknown}
 r - a scroll of fog {unknown}
 x - a scroll of identify
Potions
 k - a potion of enlightenment
 s - a potion of might {unknown}
 t - a potion of berserk rage {unknown}
 u - 2 potions of attraction {unknown}
 w - a potion of haste {unknown}
 z - a potion of invisibility {unknown}
Miscellaneous
 A - a phantom mirror


   Skills:
 + Level 3.9 Fighting
 * Level 2.4 Throwing
 - Level 1.7 Dodging
 - Level 3.2 Unarmed Combat
 - Level 2.0 Spellcasting
 + Level 4.0 Shapeshifting


You had 9 spell levels left.
You didn't know any spells.
Your spell library contained the following spells:

 Spells                   Type           Power      Damage    Failure   Level
 Ensorcelled Hibernation  Hex/Ice        2%         N/A       36%         2
 Passwall                 Tmut/Erth      0%         N/A       36%         2
 Swiftness                Air            1%         N/A       58%         3


Dungeon Overview and Level Annotations

Branches:
Dungeon (4/15)
 Temple: D:4-7

Altars:
Gozag
Ru

Shops:
D:1 (::

Annotations:
D:2 1 runed translucent door, Crazy Yiuf


Innate Abilities, Weirdness & Mutations

You are a tree.
Your roots penetrate the ground, keeping you stationary.
You cannot be teleported.
You are immune to unholy pain and torment.
Your maximum health is greatly increased.
Your equipment is partially melded.
You are too large for most types of armour.
((You have tough skin. (AC +1)))


Message History

You kill the ball python!
You hit the ogre.
The ogre is lightly wounded.
The ogre closely misses you.
You barely miss the ogre.
The ogre is lightly wounded.
The ogre hits you with a +0 giant club!
You closely miss the ogre.
The ogre is lightly wounded.
You hit the ogre.
The ogre is lightly wounded.
The ogre hits you with a +0 giant club!
You closely miss the ogre.
The ogre is lightly wounded.
The ogre hits you with a +0 giant club!!
* * * LOW HITPOINT WARNING * * *
You hit the ogre but do no damage.
The ogre is lightly wounded.
Your transformation has ended.
You turn into a tree.
Your +0 animal skin melds into your body.
Your roots penetrate the ground.
The ogre hits you with a +0 giant club!
* * * LOW HITPOINT WARNING * * *
Unknown command.
You closely miss the ogre.
The ogre is lightly wounded.
The ogre hits you with a +0 giant club.
* * * LOW HITPOINT WARNING * * *
You hit the ogre.
The ogre is lightly wounded.
You feel better.
The ogre hits you with a +0 giant club!!
* * * LOW HITPOINT WARNING * * *
You feel better. The ogre hits you but does no damage.
You hit the ogre but do no damage.
The ogre is lightly wounded.
You hit the ogre. Lightning courses through the ogre!
The ogre is severely wounded.
The ogre hits you with a +0 giant club!
You die...

#.# # #.# ##
##.# #. ## #..#
#. ... #.## #.
.... ## #.# ##
.....## .# #.#
# ......O###.#
#<##### #♣#..#
#....).
...####...#
#..####
..........#
#.## #
########..#####
#.# ##
########......#
#.# #.
.........#.##^#
#.# #.
###.######.##.#
#.# #. #.##.#
#.# ## #.##.#
#.# #


You could see an ogre.

Vanquished Creatures
  A scorpion (D:4)
  Jessica (D:3)
  5 adders
  A gnoll (D:1)
  A dart slug (D:4)
  4 orcs
  11 bats
  6 endoplasms
  3 giant cockroaches
  11 goblins
  7 hobgoblins
  8 jackals (D:2)
  3 quokkas
  7 ball pythons
  7 kobolds
  3 rats
79 creatures vanquished.

Notes
Turn   | Place    | Note
-------+----------+-------------------------------------------
     0 | D:1      | Shayle the Ogre Shapeshifter began the quest for the Orb.
     0 | D:1      | Reached XP level 1. HP: 19/19 MP: 1/1
    35 | D:1      | Found Baroph's Weapon Shoppe.
   172 | D:1      | Reached XP level 2. HP: 28/28 MP: 1/3
   319 | D:1      | Found Taterheb's Book Emporium.
   320 | D:1      | Noticed a walking crystal tome
   321 | D:1      | Noticed a walking frostbound tome
   333 | D:1      | Reached skill level 1 in Spellcasting
   423 | D:1      | Reached XP level 3. HP: 35/35 MP: 4/4
   645 | D:1      | Found Byiryir's Book Emporium.
   916 | D:2      | Reached XP level 4. HP: 15/44 MP: 6/6
  1635 | D:2      | Found a runed translucent door.
  1636 | D:2      | Noticed Crazy Yiuf
  2044 | D:3      | Found a sacrificial altar of Ru.
  2133 | D:3      | Found an opulent altar of Gozag.
  2369 | D:3      | Found a faded altar of an unknown god.
  2369 | D:3      | Noticed Jessica
  2389 | D:3      | Reached skill level 1 in Throwing
  2396 | D:3      | Killed Jessica
  2397 | D:3      | Reached XP level 5. HP: 38/53 MP: 8/8
  3106 | D:4      | Reached skill level 4 in Shapeshifting
  3106 | D:4      | Reached XP level 6. HP: 55/62 MP: 9/9
  3278 | D:4      | HP: 2/93 [ogre/+0 giant club (18)]
  3281 | D:4      | Slain by an ogre

Illustrated notes

Levels and vault maps discovered:
D:1:      minmay_arrival_nine_rooms, layout_loops_ring, serial_shops, shop,
          nicolae_shop_bloodbath_and_beyond, nicolae_shop_mannequins
D:2:      layout_rooms, st_stairs_14, uniq_crazy_yiuf_cottage
D:3:      layout_loops_ring, mainiacjoe_overflow_concentric_impassable,
          nicolae_overflow_crystal_walls, chequers_ecumenical_altar_island,
          small_statue_intersection, kennysheep_generic_room_12, uniq_jessica
D:4:      minmay_octagon_keep, layout_loops_ring

Skill      XL: |  1  2  3  4  5 |
---------------+----------------+-----
Fighting       | 2 3 |  3.9
Spellcasting   | 1 2 |  2.0
Unarmed Combat | 3 |  3.2
Throwing       | 1 2 |  2.4
Shapeshifting  | 4 |  4.0
Dodging        | |  1.7

Action                     |  1- 3 |  4- 6 || total
---------------------------+-------+-------++-------
  Melee: Unarmed           |   102 |    89 ||   191
         Punch             |     3 |     2 ||     5
         Dagger            |       |    46 ||    46
  Throw: Javelin           |       |    17 ||    17
    Use: Potion            |     2 |     3 ||     5
         Scroll            |       |     3 ||     3
   Stab: Sleeping          |       |     1 ||     1
 Armour: Animal skin       |    68 |    65 ||   133
         Skin              |    12 |     5 ||    17
  Dodge: Dodged            |    69 |    62 ||   131
  Block: Other             |       |    16 ||    16

Table legend: (Time is in decaauts)
 A = Elapsed time spent in this place.
 B = Non-inter-level travel time spent in this place.
 C = Inter-level travel time spent in this place.
 D = Time resting spent in this place.
 E = Time spent auto-exploring this place.
 F = Levels seen in this place.
 G = Mean time per level.
                   A        B        C        D        E       F      G
               +--------+--------+--------+--------+--------+-----+--------+
         Total |   3278 |   3107 |    171 |    236 |   1971 |   4 |  819.5 |
       Dungeon |   3278 |   3107 |    171 |    236 |   1971 |   4 |  819.5 |
               +--------+--------+--------+--------+--------+-----+--------+

Top non-repeatable levels by time:
     D:2: 1006 daAuts
     D:3: 871 daAuts
     D:1: 839 daAuts
     D:4: 560 daAuts
